[Event "ICC tourney 3341 (40 10)"]
[Site "Internet Chess Club"]
[Date "2023.12.09"]
[Round "5"]
[White "GAW, CHRISTIAN:cman-g"]
[Black "Ryerson, Olivia:oliviaryerson"]
[Result "0-1"]
[ICCResult "White checkmated"]
[WhiteElo "1065"]
[BlackElo "1361"]
[Opening "Sicilian: O'Kelly variation"]
[ECO "B28"]
[NIC "SI.43"]
[Time "20:00:34"]
[PlyCount "162"]
[TimeControl "2400+10"]

1. e4 c5 2. Nf3 a6 3. d4 cxd4 4. Nxd4 Nf6 5. Nc3 e5 6. Nf3 Bb4 7. Bg5 Qc7 8.
Bxf6 Bxc3+ 9. bxc3 Qxc3+ 10. Nd2 gxf6 11. Bd3 b5 12. O-O Qc5 13. Qf3 Qe7 14.
Qg3 Qf8 15. Qh4 Qg7 16. Qg3 Qxg3 17. fxg3 Ke7 18. Rf2 Rg8 19. Raf1 Rg6 20.
Nf3 d6 21. Nh4 Rh6 22. Rf5 Nc6 23. R5f2 Nd4 24. c3 Nc6 25. Nf5+ Bxf5 26.
Rxf5 Rc8 27. c4 Nb4 28. Be2 bxc4 29. a3 Nc2 30. a4 Ne3 31. R5f3 Nxf1 32.
Rxf1 Rg6 33. Rc1 c3 34. Bxa6 Rc5 35. Kf2 Rg8 36. Ke3 Ra8 37. Bb5 Rac8 38.
Kd3 d5 39. exd5 Rxd5+ 40. Ke3 Rd2 41. Rxc3 Rxc3+ 42. Kxd2 Ra3 43. Ke2 Kd6
44. g4 Rb3 45. Kf2 Kd5 46. Ke2 Ke4 47. Bc6+ Kf4 48. Kf2 Kxg4 49. Bf3+ Kf5
50. Bd5 Ra3 51. Bc6 e4 52. g4+ Kxg4 53. Bxe4 Rxa4 54. Bxh7 Ra2+ 55. Ke3 Rxh2
56. Bg8 f5 57. Bxf7 f4+ 58. Ke4 f3 59. Bc4 Kg3 60. Ke3 f2 61. Ke2 Rh1 62.
Ke3 f1=Q 63. Bxf1 Rxf1 64. Kd2 Rf3 65. Ke2 Kf4 66. Kd2 Re3 67. Kc2 Ke4 68.
Kd2 Kd4 69. Kc2 Rd3 70. Kb2 Rc3 71. Kb1 Kc4 72. Kb2 Kb4 73. Ka2 Rh3 74. Kb2
Rh2+ 75. Kc1 Kc3 76. Kd1 Ra2 77. Ke1 Kd3 78. Kf1 Ke3 79. Kg1 Kf3 80. Kh1 Kg3
81. Kg1 Ra1# {White checkmated} 0-1

[Event "ICC tourney 3341 (40 10)"]
[Site "Internet Chess Club"]
[Date "2023.12.09"]
[Round "5"]
[White "Bronshtein, Marc:MarcBronshtein"]
[Black "Dhanasekaran, Neha:SplashDolphin"]
[Result "1-0"]
[ICCResult "Black checkmated"]
[WhiteElo "1497"]
[BlackElo "1066"]
[Opening "QGD: semi-Slav"]
[ECO "D31"]
[NIC "SL.06"]
[Time "20:00:43"]
[PlyCount "77"]
[TimeControl "2400+10"]

1. d4 d5 2. c4 e6 3. Nc3 c6 4. cxd5 cxd5 5. Bf4 Nf6 6. Rc1 Nc6 7. e3 a6 8.
Bd3 h6 9. h3 Bd6 10. Nge2 O-O 11. O-O Nh5 12. Bxd6 Qxd6 13. Qb3 Rb8 14. Na4
b5 15. Nc5 Nf6 16. Qc2 Nb4 17. Qb3 Nxd3 18. Qxd3 e5 19. dxe5 Qxe5 20. Nd4
Ne4 21. Nc6 Qg5 22. f4 Qg6 23. Ne7+ Kh7 24. Nxg6 fxg6 25. Nxe4 dxe4 26. Qxe4
Bf5 27. Qf3 Rfd8 28. Rfd1 Rbc8 29. Rxc8 Rxc8 30. e4 Be6 31. a3 Rc2 32. f5
gxf5 33. exf5 Bc4 34. Qe4 Rxb2 35. f6+ Kh8 36. Rd8+ Bg8 37. f7 Rxg2+ 38.
Kxg2 b4 39. fxg8=Q# {Black checkmated} 1-0

[Event "ICC tourney 3341 (40 10)"]
[Site "Internet Chess Club"]
[Date "2023.12.09"]
[Round "5"]
[White "GAW, ZACHARY:zman-g"]
[Black "Senthil, Aakash:cricketking"]
[Result "0-1"]
[ICCResult "White checkmated"]
[WhiteElo "1169"]
[BlackElo "1064"]
[Opening "King's pawn game"]
[ECO "C50"]
[NIC "IG.03"]
[Time "20:00:34"]
[PlyCount "114"]
[TimeControl "2400+10"]

1. e4 e5 2. Nf3 Nc6 3. Bc4 d6 4. h3 Nf6 5. d3 h6 6. c3 Be6 7. Bb3 Bxb3 8.
Qxb3 Rb8 9. Be3 a6 10. Nbd2 d5 11. Qc2 Nh5 12. Rd1 d4 13. cxd4 exd4 14. Bxd4
Nxd4 15. Qa4+ Nb5 16. Nb3 c6 17. d4 Qe7 18. Nbd2 Qb4 19. Qxb4 Bxb4 20. a3
Bxd2+ 21. Rxd2 O-O 22. Ne5 Rbd8 23. Nf3 Rfe8 24. e5 f6 25. O-O fxe5 26. dxe5
Rxd2 27. Nxd2 Rxe5 28. Nc4 Rc5 29. Ne3 Nf6 30. Rd1 Nd5 31. Ng4 Rc2 32. b3
Nxa3 33. Kf1 Rc3 34. b4 Rb3 35. b5 Nxb5 36. Ke1 a5 37. Ra1 b6 38. Ne5 c5 39.
Nc6 Nb4 40. Ne5 Nc2+ 41. Kd1 Nxa1 42. Kc1 a4 43. Nc4 Rc3+ 44. Kb2 Rxc4 45.
Kxa1 Rc2 46. Kb1 Rxf2 47. g3 Kf7 48. g4 Ke6 49. Kc1 Kd5 50. Kb1 Kc4 51. g5
Kc3 52. gxh6 Rf1+ 53. Ka2 gxh6 54. h4 Rf2+ 55. Kb1 Na3+ 56. Ka1 Kb3 57. h5
Ra2# {White checkmated} 0-1